 Dungeon Crawl Stone Soup version 0.30.0-29-ga12c61a403 (webtiles) character file.

Game seed: 7528220664950573814

90 qw the Chopper (level 4, -7/28 HPs)
             Began as a Gargoyle Fighter on June 5, 2023.
             Mangled by Sigmund
             ... wielding a +0 scythe
              (9 damage)
             ... on level 4 of the Dungeon.
             The game lasted 00:01:14 (2089 turns).

qw the Chopper (Gargoyle Fighter)                   Turns: 2089, Time: 00:01:15

Health: -7/28      AC: 13    Str: 26 (27) XL:     4   Next: 56%
Magic:  4/4        EV:  8    Int:  8 (9)  God:
Gold:   116        SH:  4    Dex:  7 (9)  Spells: 3/3 levels left

rFire   . . .        Y - +0 war axe
rCold   . . .        c - +0 buckler
rNeg    + + .        p - +0 chain mail
rPois   inf          (no helmet)
rElec   +            (no cloak)
rCorr   .            (no gloves)
SInv    .            l - +0 pair of boots
Will    .....        (no amulet) Stlth
                     o - ring of positive energy
HPRegen 0.24/turn    b - +6 ring of strength
MPRegen 0.09/turn

%: no passive effects
@: no status effects
A: sickness immunity, AC +3, negative energy resistance 1, electricity
resistance, torment resistance 1, petrification resistance
a: no special abilities


You were on level 4 of the Dungeon.
You visited 1 branch of the dungeon, and saw 4 of its levels.

You collected 158 gold pieces.
You spent 42 gold pieces at shops.


Innate Abilities, Weirdness & Mutations

You are immune to sickness and miasma.
Your stone body is resilient. (AC +3)
You are immune to poison.
You resist negative energy. (rN+)
You are resistant to electric shocks. (rElec)
You are resistant to unholy torment.
You are immune to petrification.


   Skills:
 - Level 3.2 Fighting
 + Level 4.2 Axes
 - Level 3.2 Armour
 - Level 3.2 Shields


You had 3 spell levels left.
You didn't know any spells.
Your spell library was empty.

Inventory:

Hand Weapons
 h - a +0 whip
 Y - a +0 war axe (weapon)
Armour
 c - a +0 buckler (worn)
 l - a +0 pair of boots (worn)
 p - a +0 chain mail (worn)
Jewellery
 b - a +6 ring of strength (right hand)
 o - a ring of positive energy (left hand)
Scrolls
 f - 3 scrolls of identify
 q - 2 scrolls of teleportation
Potions
 a - 4 potions of lignification
 d - a potion of might
 e - a potion of curing
 g - a potion of heal wounds

Dungeon Overview and Level Annotations

Branches:
Dungeon (4/15)
 Temple: D:4-7

Altars:
Elyvilon
Ru
Sif Muna

Shops:
D:1 !

Annotations:
D:4 Sigmund


Message History

Something hits you. The kobold hits you but does no damage.
The hobgoblin barely misses you.
You barely miss the kobold.
The kobold is heavily wounded.
You closely miss something. You hit the hobgoblin.
You kill the hobgoblin!
The kobold hits you but does no damage. Something hits you.
The kobold hits you but does no damage.
You hit the kobold.
You kill the kobold!
You closely miss something. Something hits you but does no damage.
You miss something. Something hits you but does no damage.
You miss something. Something hits you but does no damage.
You slash something!
You hear some strange, mumbled words.
You are confused.
Something hits you.
You see here a +0 short sword.
Something hits you!
You barely miss something. Something hits you.
A puff of flame appears from out of thin air!
The puff of flame hits you!
You feel less confused. Something hits you.
You swing at nothing.
You hear some strange, mumbled words.
You are confused.
Something hits you but does no damage. Something hits you but does no damage.
There is a stone staircase leading down here.
You feel less confused.
You swing at nothing.
Something hits you.
You swing at nothing.
Something hits you!
You die...

... .... #....
#.... #.<..########
#...........##
#..........@.#####
........).>........
####..........###..
#.?........#.
#....<..(.$.>
#...........##
##.........##
#..........#
#..........#


There were no monsters in sight!

Vanquished Creatures
  3 adders (D:2)
  A dart slug (D:1)
  2 orcs (D:3)
  7 endoplasms
  7 giant cockroaches
  6 hobgoblins
  3 kobolds
  6 quokkas
  5 ball pythons
  5 bats
  4 frilled lizards
  A goblin (D:1)
  3 rats
53 creatures vanquished.

Notes
Turn   | Place    | Note
-------+----------+-------------------------------------------
     0 | D:1      | qw the Gargoyle Fighter began the quest for the Orb.
     0 | D:1      | Reached XP level 1. HP: 14/14 MP: 1/1
     0 | D:1      | 0 ||| qw: Version: 0.2-a-108-gee2c290
     0 | D:1      | 0 ||| qw: Game counter: 1489
     0 | D:1      | 0 ||| qw: Always use a shield: true
     0 | D:1      | 0 ||| qw: God list: Okawaru
     0 | D:1      | 0 ||| qw: Allow faded altars: false
     0 | D:1      | 0 ||| qw: Do Orc after D:15 true
     0 | D:1      | 0 ||| qw: Do second Lair branch before Depths: true
     0 | D:1      | 0 ||| qw: Lair rune preference: random
     0 | D:1      | 0 ||| qw: Plans: Normal, Zot:1-4, Slime:5, God:TSO, Crypt,
                  | Tomb, Abyss, Pan, Hells, Win
     0 | D:1      | 0 ||| PLANNING D:1-11
    42 | D:1      | Reached skill level 2 in Axes
   112 | D:1      | Reached XP level 2. HP: 19/19 MP: 2/2
   372 | D:1      | Reached skill level 3 in Axes
   409 | D:1      | Reached XP level 3. HP: 23/23 MP: 3/3
   455 | D:1      | Found Yzur's Distillery.
   463 | D:1      | 463 ||| SHOPLISTING 2 potions of lignification (84 gold,
                  | have 73).
   463 | D:1      | 463 ||| SHOPLISTING potion of cancellation (112 gold, have
                  | 73).
   463 | D:1      | 463 ||| BUYING potion of curing (42 gold).
   463 | D:1      | Bought a potion of curing for 42 gold pieces
   463 | D:1      | 463 ||| SHOPLISTING potion of resistance (140 gold, have
                  | 31).
   544 | D:1      | 544 ||| READING scroll labelled FISONW AJICSING.
   547 | D:1      | 547 ||| READING scroll labelled COURYS ZIESEIGG.
   548 | D:1      | 548 ||| READING scroll labelled WAH QUXISILIV.
   549 | D:1      | 549 ||| READING scroll labelled FUAZXO WEEFIZ.
   550 | D:1      | 550 ||| READING scroll labelled GANOAGUHOI.
   646 | D:2      | Noticed Sigmund
   781 | D:2      | Found a faded altar of an unknown god.
   844 | D:2      | 844 ||| Stepping ~*~*~tactically~*~*~ (stealth).
   904 | D:2      | Reached XP level 4. HP: 28/28 MP: 4/4
  1171 | D:2      | 1171 ||| UPGRADING to +0 pair of boots.
  1176 | D:2      | 1176 ||| UPGRADING to +0 chain mail.
  1186 | D:2      | 1186 ||| DROPPING +0 scale mail.
  1187 | D:2      | 1187 ||| DROPPING ring of wizardry.
  1188 | D:2      | 1188 ||| UPGRADING to ring of positive energy.
  1189 | D:2      | 1189 ||| READING scroll labelled OPTOOR TEMNUNG.
  1190 | D:2      | 1190 ||| READING scroll labelled SIUNTE RIMPO.
  1191 | D:2      | 1191 ||| READING scroll labelled HOEKKINAYLE.
  1192 | D:2      | 1192 ||| DRINKING 2 lumpy golden potions.
  1193 | D:2      | 1193 ||| DRINKING 2 cyan potions.
  1194 | D:2      | 1194 ||| READING 2 scrolls of identify.
  1194 | D:2      | 1194 ||| IDENTIFYING glowing black potion
  1195 | D:2      | 1195 ||| DROPPING potion of degeneration.
  1240 | D:3      | Reached skill level 4 in Axes
  1354 | D:3      | 1354 ||| Stepping ~*~*~tactically~*~*~ (hiding).
  1420 | D:3      | Found a white marble altar of Elyvilon.
  1420 | D:3      | Found a shimmering blue altar of Sif Muna.
  1428 | D:3      | Found a faded altar of an unknown god.
  1430 | D:3      | Found a sacrificial altar of Ru.
  1432 | D:3      | Found a faded altar of an unknown god.
  1601 | D:3      | 1601 ||| DROPPING +0 club.
  1996 | D:3      | 1996 ||| UPGRADING to +6 ring of strength.
  2059 | D:4      | 2059 ||| DRINKING 3 potions of curing.
  2059 | D:4      | 2059 ||| (to cure confusion)
  2063 | D:4      | 2063 ||| DRINKING 2 potions of curing.
  2063 | D:4      | 2063 ||| (to cure confusion)
  2079 | D:4      | HP: 6/28 [something/puff of flame (9)]
  2080 | D:4      | HP: 2/28 [something (4)]
  2088 | D:4      | HP: 2/28 [something (2)]
  2089 | D:4      | Mangled by Sigmund

Levels and vault maps discovered:
D:1:      minmay_arrival_hallway, layout_rooms, serial_shops,
          nicolae_shop_peninsula
D:2:      layout_basic, shapermc_ecumenical_altar_mp_urbaneastern, uniq_sigmund
D:3:      layout_loops_ring, chequers_temple_overflow_minitemple
D:4:      layout_rooms, serial_shops, kennysheep_mini, grunt_decor_cap

Skill      XL: |  1  2  3  4 |
---------------+-------------+-----
Axes           | 2 3 4 |  4.2
Fighting       | |  3.2
Armour         | |  3.2
Shields        | |  3.2

Action                     |  1- 3 |  4- 6 || total
---------------------------+-------+-------++-------
  Melee: War axe           |    91 |    53 ||   144
    Use: Scroll            |     5 |     4 ||     9
         Potion            |       |     4 ||     4
 Armour: Scale mail        |    40 |       ||    40
         Chain mail        |       |    37 ||    37
  Dodge: Dodged            |    37 |    18 ||    55
  Block: Buckler           |     8 |     2 ||    10

Table legend:
 A = Non-vault XP
 B = Vault XP
 C = Vault XP percentage of total XP
 D = Non-vault monster count
 E = Vault monster count
 F = Vault count percentage of total count
                 A         B        C        D         E       F
            +---------+---------+-------+---------+---------+-------
      Total |     129 |       0 |   0.0 |      53 |       0 |   0.0
            +---------+---------+-------+---------+---------+-------
        D:1 |      36 |       0 |   0.0 |      21 |       0 |   0.0
        D:2 |      62 |       0 |   0.0 |      16 |       0 |   0.0
        D:3 |      27 |       0 |   0.0 |      14 |       0 |   0.0
        D:4 |       4 |       0 |   0.0 |       2 |       0 |   0.0
            +---------+---------+-------+---------+---------+-------
